 Dungeon Crawl Stone Soup version 0.21.0 (webtiles) character file.

23 tidbits the Sneak (level 2, -10/11 HPs)
             Began as a Felid Earth Elementalist on Jan 6, 2018.
             Mangled by a gnoll
             ... wielding a +0 halberd
              (11 damage)
             ... on level 2 of the Dungeon.
             The game lasted 00:02:28 (354 turns).

tidbits the Sneak (Felid Earth Elementalist)         Turns: 354, Time: 00:02:29

Health: -10/11     AC:  1    Str:  4    XL:     2   Next: 75%
Magic:  2/6        EV: 18    Int: 16    God:
Gold:   34         SH:  0    Dex: 16    Spells: 4/5 levels left
                                        Lives:  0   Deaths: 0

rFire    . . .     SeeInvis +     - Unarmed
rCold    . . .     Gourm    .   (shield unavailable)
rNeg     . . .     Faith    .   (armour unavailable)
rPois    .         Spirit   .   (helmet unavailable)
rElec    .         Reflect  .   (cloak unavailable)
rCorr    .         Harm     .   (gloves unavailable)
MR       .....                  (boots unavailable)
Stlth    +++.......             (no amulet)
HPRegen  0.03/turn              (no ring)
MPRegen  0.10/turn              (no ring)

@: quick
A: very small, no armour, no weapons or thrown items, stealth, claws 1, fangs 3,
see invisible, carnivore, speed 1, shaggy fur 1, slow metabolism 1, sharp paws
a: no special abilities


You were on level 2 of the Dungeon.
You were full.

You visited 1 branch of the dungeon, and saw 2 of its levels.

You collected 34 gold pieces.

Inventory:

Missiles
 a - 16 arrows
 b - 8 stones
Scrolls
 e - a scroll of identify {unknown}
Books
 d - a book of Geomancy

   Spells                             Type                      Level
   a - Sandblast                      Earth                        1
   b - Passwall                       Transmutation/Earth          2
   c - Stone Arrow                    Conjuration/Earth            3
   d - Petrify                        Transmutation/Earth          4
   e - Lee's Rapid Deconstruction     Earth                        5
Comestibles
 c - a ration


   Skills:
 - Level 2.6 Dodging
 + Level 3.9 Stealth
 + Level 1.6 Unarmed Combat
 - Level 2.0 Spellcasting
   Level 1.1 Transmutations
 - Level 2.6 Earth Magic


You had 4 spell levels left.
You knew the following spells:

 Your Spells              Type           Power        Failure   Level  Hunger
a - Sandblast             Erth           ##....       7%          1    #......


Dungeon Overview and Level Annotations

Branches:
Dungeon (2/15)

Altars:


Innate Abilities, Weirdness & Mutations

You cannot wear armour.
You are incapable of wielding weapons or throwing items.
Your paws allow you to move quietly. (Stealth)
You have sharp claws.
You have razor-sharp teeth.
You have supernaturally acute eyesight. (SInv)
You are carnivorous and can eat meat at any time.
You cover ground quickly.
You are covered in fur. (AC +1)
You have a slow metabolism.
Your sharp claws are effective at attacking unaware monsters.


Message History

a - 16 arrows A gnoll comes into view.
You now have 20 gold pieces (gained 2).
A hobgoblin comes into view.
A hobgoblin is nearby!
You pounce on the unaware helpless hobgoblin!
You claw the hobgoblin!
You kill the hobgoblin!
Found a scroll labeled REINIRHAGA and 14 gold pieces.
e - a scroll labeled REINIRHAGA You now have 34 gold pieces (gained 14).
A jackal comes into view.
A jackal comes into view.
Casting: Sandblast
Confirm with . or Enter, or press ? or * to list all spells.
Aiming: Sandblast
Press: ? - help, Shift-Dir - straight line, f - jackal
Aim: a jackal The blast of sand hits the jackal.
You kill the jackal!
b - 14 stones
Casting: Sandblast
Confirm with . or Enter, or press ? or * to list all spells.
Aiming: Sandblast
Press: ? - help, Shift-Dir - straight line, f - jackal
Aim: a jackal The blast of sand hits the jackal.
The jackal is almost dead.
b - 13 stones The jackal bites you.
* * * LOW HITPOINT WARNING * * *
Casting: Sandblast
Confirm with . or Enter, or press ? or * to list all spells.
Aiming: Sandblast
Press: ? - help, Shift-Dir - straight line, f/p - jackal
Aim: a jackal (almost dead)
The blast of sand hits the jackal.
You kill the jackal!
b - 12 stones You see here a jackal corpse.
You see here a jackal corpse.
You butcher the jackal corpse.
f - 3 chunks of flesh Eat one of 3 chunks of flesh? (ye/n/q)
You eat one of the 3 chunks of flesh.
This raw flesh tastes great.
Eat one of 2 chunks of flesh? (ye/n/q)
You eat one of the 2 chunks of flesh.
This raw flesh tastes great.
Eat a chunk of flesh? (ye/n/q)
You eat the chunk of flesh.
This raw flesh tastes great.
Magic restored.
You see here a hand axe.
There is an open door here.
There is a stone staircase leading down here.
You climb downwards.
The gnoll misses you. The gnoll barely misses you.
The frilled lizard hisses.
There is a stone staircase leading up here.
Casting: Sandblast
Confirm with . or Enter, or press ? or * to list all spells.
Aiming: Sandblast
Press: ? - help, Shift-Dir - straight line, f - gnoll
Aim: a gnoll The blast of sand hits the gnoll.
The gnoll is lightly wounded.
b - 11 stones The gnoll misses you.
The gnoll completely misses you.
Casting: Sandblast
Confirm with . or Enter, or press ? or * to list all spells.
Aiming: Sandblast
Press: ? - help, Shift-Dir - straight line, f/p - gnoll
Aim: a gnoll (lightly wounded)
The blast of sand misses the gnoll.
b - 10 stones The gnoll closely misses you.
The gnoll misses you.
Casting: Sandblast
Confirm with . or Enter, or press ? or * to list all spells.
Aiming: Sandblast
Press: ? - help, Shift-Dir - straight line, f/p - gnoll
Aim: a gnoll (lightly wounded)
The blast of sand hits the gnoll.
The gnoll is severely wounded.
b - 9 stones The gnoll hits you.
* * * LOW HITPOINT WARNING * * *
The gnoll barely misses you.
Casting: Sandblast
Confirm with . or Enter, or press ? or * to list all spells.
Aiming: Sandblast
Press: ? - help, Shift-Dir - straight line, f/p - gnoll
Aim: a gnoll (severely wounded)
The blast of sand misses the gnoll.
b - 8 stones The gnoll closely misses you. x2
You aren't carrying any potions.
You are too injured to fight recklessly!
Unknown command.
You aren't carrying any potions.
Unknown command.
The gnoll closely misses you. The gnoll hits you with a halberd!
Ouch! That really hurt!
You die... ### ## .. .. #.#. .rg

#l#
#g######
#@g....#
######.#


You could see 3 gnolls, a frilled lizard and a rat.

Vanquished Creatures
  A gnoll (D:2)
  A bat (D:1)
  A giant cockroach (D:1)
  A goblin (D:1)
  4 hobgoblins (D:1)
  2 jackals (D:1)
  2 kobolds (D:1)
12 creatures vanquished.

Notes
Turn   | Place    | Note
-------+----------+-------------------------------------------
     0 | D:1      | tidbits the Felid Earth Elementalist began the quest for the Orb.
     0 | D:1      | Reached XP level 1. HP: 7/7 MP: 4/4
    33 | D:2      | Reached skill level 3 in Stealth
    33 | D:2      | Reached skill level 1 in Unarmed Combat
    33 | D:2      | Reached XP level 2. HP: 11/11 MP: 0/6
   116 | D:1      | HP: 1/11 [kobold/short sword (4)]
   266 | D:1      | HP: 1/11 [jackal (3)]
   352 | D:2      | HP: 1/11 [gnoll (2)]
   354 | D:2      | Mangled by a gnoll

Skill      XL: |  1 |
---------------+----+-----
Stealth        | 3 |  3.9
Unarmed Combat | 1 |  1.6
Dodging        | |  2.6
Spellcasting   | |  2.0
Transmutations | |  1.1
Earth Magic    | |  2.6

Action                   || total
-------------------------++-------
Melee: Unarmed           ||     6
 Cast: Sandblast         ||    22
 Stab: Sleeping          ||     2
  Eat: Chunk             ||     3
Dodge: Dodged            ||    19

Table legend:
 A = Turns spent in this place as a percentage of turns spent in the entire game.
 B = Non-inter-level travel turns spent in this place as a percentage of non-inter-level travel turns spent in the entire game.
 C = Inter-level travel turns spent in this place as a percentage of turns spent in this place.
 D = Turns resting spent in this place as a percentage of non-inter-level travel turns spent in this place.
 E = Turns spent auto-exploring this place as a percentage of non-inter-level travel turns spent in this place.
 F = Non-inter-level travel turns spent in this place divided by the number of levels of this place that you've seen.
                   A       B       C       D       E      F
               +-------+-------+-------+-------+-------+----------------------
         Total | 100.0 | 100.0 |  19.8 |   1.8 |   0.0 | 142.0
       Dungeon | 100.0 | 100.0 |  19.8 |   1.8 |   0.0 | 142.0
               +-------+-------+-------+-------+-------+----------------------

Table legend:
 A = Kills in this place as a percentage of kills in entire the game.
 B = Kills by you in this place as a percentage of kills by you in the entire game.
 C = Kills by friends in this place as a percentage of kills by friends in the entire game.
 D = Other kills in this place as a percentage of other kills in the entire game.
 E = Experience gained in this place as a percentage of experience gained in the entire game.
 F = Experience gained in this place divided by the number of levels of this place that you have seen.
                   A       B       C       D       E      F
               +-------+-------+-------+-------+-------+----------------------
         Total | 100.0 | 100.0 |   N/A |   N/A | 100.0 |  17.0
       Dungeon | 100.0 | 100.0 |   N/A |   N/A | 100.0 |  17.0
               +-------+-------+-------+-------+-------+----------------------

Vault maps used:
D:1:      lightli_arrival_farm
D:2:      gammafunk_temple_overflow_pools, first_ration
